 Dungeon Crawl Stone Soup version 0.32-a0-814-g0968bab981 (webtiles) character file.

Game seed: 11865793430917598365

5835 Gargoyl the Cleaver (level 10, -4/96 HPs)
             Began as a Gargoyle Berserker on Mar 22, 2024.
             Was an Elder of Trog.
             Slain by a centaur warrior
             ... wielding the +7 broad axe "Vunnarch" {elec, Str+3 Dex+3}
              (16 damage)
             ... on level 8 of the Dungeon.
             The game lasted 00:08:45 (6028 turns).

Gargoyl the Cleaver (Gargoyle Berserker)            Turns: 6028, Time: 00:08:45

Health: -4/96      AC: 25    Str: 20    XL:     10   Next: 80%
Magic:  10/10      EV:  6    Int:  9    God:    Trog [****..]
Gold:   277        SH:  0    Dex: 19    Spells: 9/9 levels left

rFire   . . .        i - +3 broad axe of Moderation {holy, rC++}
rCold   + + .        (no shield)
rNeg    + + +        r - +0 plate armour {rN+}
rPois   ∞            (no helmet)
rElec   +            B - +0 cloak
rCorr   .            b - +2 pair of gloves
SInv    .            (no boots)
Will    .....        t - amulet of the acrobat Stlth
                     c - +6 ring of dexterity
HPRegen 0.36/turn    f - ring of positive energy
MPRegen 0.12/turn

%: acrobat
@: berserking, very quick
A: sickness immunity, AC +7, negative energy resistance 1, electricity
resistance, torment resistance 1, petrification resistance
a: Renounce Religion, Berserk, Trog's Hand, Brothers in Arms


You were on level 8 of the Dungeon.
You worshipped Trog.
Trog was greatly pleased with you.
You visited 1 branch of the dungeon, and saw 8 of its levels.

You collected 277 gold pieces.

Inventory:

Hand Weapons
 a - a +0 hand axe
 e - a +0 war axe
 i - the +3 broad axe of Moderation (weapon) {holy, rC++}
   (You acquired it on level 3 of the Dungeon)

   rC++:      It greatly protects you from cold.
 l - a +0 flail
 v - a +4 falchion
 D - a +2 war axe of flaming
Missiles
 x - 34 poisoned darts (quivered)
Armour
 b - a +2 pair of gloves (worn)
 r - a +0 plate armour of positive energy (worn)
 B - a +0 cloak (worn)
Jewellery
 c - a +6 ring of dexterity (left hand)
 f - a ring of positive energy (right hand)
 t - an amulet of the acrobat (around neck)
 E - a ring of see invisible
Wands
 q - a wand of iceblast (10)
 y - a wand of mindburst (12)
 A - a wand of digging (4)
 C - a wand of flame (21)
Scrolls
 h - a scroll of poison
 k - 5 scrolls of teleportation
 z - a scroll of fear
Potions
 d - 3 potions of enlightenment
 g - a potion of curing
 j - a potion of cancellation
 m - 2 potions of invisibility
 n - a potion of attraction {unknown}
 o - 3 potions of haste {unknown}
 p - 2 potions of heal wounds {unknown}
 s - a potion of berserk rage {unknown}
 u - a potion of might {unknown}
 w - 2 potions of magic {unknown}


   Skills:
 + Level 8.0 Fighting
 + Level 11.6 Axes
 + Level 7.8 Armour
 + Level 2.9 Dodging
 + Level 0.4 Stealth


You had 9 spell levels left.
You didn't know any spells.
Your spell library was empty.

Dungeon Overview and Level Annotations

Branches:
Dungeon (8/15)             Temple (0/1) D:7
   Lair: D:8-11

Altars:
Cheibriados
Hepliaklqana
Kikubaaqudgha
Nemelex Xobeh
Qazlal

Shops:
D:6 (![(


Innate Abilities, Weirdness & Mutations

You are immune to sickness and miasma.
Your stone body is resilient. (AC +7)
You are immune to poison.
You resist negative energy. (rN+)
You are resistant to electric shocks. (rElec)
You are resistant to unholy torment.
You are immune to petrification.


Message History

The centaur warrior unwields a +0 shortbow.
The centaur warrior wields the +7 broad axe "Vunnarch" {elec, Str+3 Dex+3}.
You hear the crackle of electricity.
The centaur warrior barely misses you.
The centaur warrior kicks you but does no damage.
You hit the centaur warrior.
The centaur warrior is lightly wounded.
The centaur warrior hits you with the +7 broad axe "Vunnarch".
The centaur warrior kicks you but does no damage.
The centaur warrior hits you with the +7 broad axe "Vunnarch".
The centaur warrior barely misses you.
You barely miss the centaur warrior.
The centaur warrior is lightly wounded.
The centaur warrior hits you with the +7 broad axe "Vunnarch"!
The centaur warrior kicks you but does no damage.
The centaur warrior hits you but does no damage.
The centaur warrior kicks you.
You slash the centaur warrior!
The centaur warrior is moderately wounded.
The centaur warrior closely misses you.
The centaur warrior kicks you but does no damage.
You hit the centaur warrior but do no damage.
The centaur warrior is moderately wounded.
The centaur warrior hits you with the +7 broad axe "Vunnarch"!
* * * LOW HITPOINT WARNING * * *
The centaur warrior barely misses you.
The centaur warrior hits you with the +7 broad axe "Vunnarch".
* * * LOW HITPOINT WARNING * * *
The centaur warrior kicks you but does no damage.
A red film seems to cover your vision as you go berserk!
You feel yourself moving faster!
You feel mighty!
The centaur warrior hits you with the +7 broad axe "Vunnarch"!
* * * LOW HITPOINT WARNING * * *
The centaur warrior kicks you but does no damage.
The centaur warrior hits you but does no damage.
The centaur warrior kicks you but does no damage.
You slash the centaur warrior!
The centaur warrior is heavily wounded.
The centaur warrior hits you with the +7 broad axe "Vunnarch"!
You die...

#..........#.#...)
###.###..#..#..##.#.#
).. #.....#[##..#.#
###.#####.#####.###.#
...^.#.....#.....#(#
..#.#.#.#.|)..#.###)#.#
..........|.....#?..(..
.#.###.#.))).#.#####(.
#...@.#.....#... #[.
###c#####.### #.###[[
... .... #...#)# #.ß.
#..# ##[.#)# ...._
#...#.#))†# #.#.ß.
.#..####(# #.#... #...
#.# # ###. .#####.###..
............


You could see a centaur warrior.

Vanquished Creatures
  A boulder beetle (D:8)
  A cyclops (D:8)
  An ugly thing (D:8)
  A manticore (D:8)
  A slime creature (D:8)
  Sigmund (D:2)
  A wyvern (D:5)
  A yak (D:8)
  2 steam dragons
  2 orc warriors (D:8)
  3 black bears (D:5)
  2 ice beasts
  A sky beast (D:5)
  2 ogres
  3 centaurs
  A phantom (D:4)
  3 kobold brigands
  5 bullfrogs
  2 gnoll sergeants
  2 scorpions (D:5)
  3 bombardier beetles
  2 hounds (D:5)
  2 gnoll boudas
  7 orc priests
  3 sleepcaps
  Terence (D:2)
  8 orc wizards
  An iguana (D:5)
  18 gnolls
  7 adders
  A shadow imp (D:7)
  A white imp (D:8)
  A dart slug (D:1)
  2 ribbon worms
  25 orcs
  7 ball pythons
  4 endoplasms
  A giant cockroach (D:2)
  9 goblins
  6 hobgoblins
  8 jackals
  11 kobolds
  2 quokkas
  11 bats
  2 frilled lizards
  6 rats
185 creatures vanquished.

Vanquished Creatures (collateral kills)
  A slime creature (D:8)
  A kobold (D:8)
2 creatures vanquished.

Vanquished Creatures (others)
  2 kobolds (D:6)
2 creatures vanquished.

Grand Total: 189 creatures vanquished

Notes
Turn   | Place    | Note
-------+----------+-------------------------------------------
     0 | D:1      | Gargoyl the Gargoyle Berserker began the quest for the Orb.
     0 | D:1      | Reached XP level 1. HP: 14/14 MP: 1/1
   271 | D:1      | Reached XP level 2. HP: 19/19 MP: 2/2
   544 | D:1      | Reached skill level 3 in Axes
   758 | D:2      | Reached XP level 3. HP: 24/24 MP: 3/3
   824 | D:2      | Found a faded altar of an unknown god.
   897 | D:2      | Reached ** piety under Trog
   907 | D:2      | Noticed Terence
   917 | D:2      | Killed Terence
   946 | D:2      | Noticed Sigmund
   949 | D:2      | Reached XP level 4. HP: 29/29 MP: 4/4
   972 | D:2      | Killed Sigmund
   973 | D:2      | Reached skill level 4 in Axes
   973 | D:2      | Reached XP level 5. HP: 26/33 MP: 5/5
   973 | D:2      | Reached XP level 6. HP: 30/38 MP: 6/6
  1546 | D:3      | Identified a scroll of acquirement
  1546 | D:3      | Acquired the +3 broad axe of Moderation {holy, rC++}
  1583 | D:3      | Found a sparkling altar of Nemelex Xobeh.
  2271 | D:4      | Reached *** piety under Trog
  2362 | D:4      | Reached skill level 5 in Axes
  2555 | D:4      | Reached XP level 7. HP: 38/44 MP: 7/7
  3028 | D:5      | Entered Level 5 of the Dungeon
  3051 | D:5      | Reached skill level 6 in Axes
  3197 | D:5      | Reached skill level 5 in Fighting
  3197 | D:5      | Reached XP level 8. HP: 42/49 MP: 8/8
  3258 | D:5      | Found a stormy altar of Qazlal.
  3322 | D:5      | Reached skill level 7 in Axes
  3485 | D:5      | Found a snail-covered altar of Cheibriados.
  3638 | D:5      | Found a hazy altar of Hepliaklqana.
  3744 | D:5      | Reached skill level 5 in Armour
  3853 | D:6      | Noticed a wyvern
  3918 | D:6      | Reached skill level 8 in Axes
  3922 | D:5      | Killed a wyvern
  3923 | D:5      | Reached XP level 9. HP: 36/55 MP: 9/9
  4083 | D:6      | Found Ytymeru's Weapon Boutique.
  4284 | D:6      | Found Vutelic's Distillery.
  4301 | D:6      | Found Ehuecw's Weapon Emporium.
  4350 | D:6      | Reached **** piety under Trog
  4454 | D:6      | Found Arikluic's Antique Armour Shop.
  4658 | D:7      | Reached skill level 9 in Axes
  4835 | D:7      | Found the +16 obsidian axe {drain, demonic, Mesm ^Drain Fly
                  | SInv}
  5017 | D:7      | Found a staircase to the Ecumenical Temple.
  5547 | D:8      | Reached skill level 10 in Axes
  5560 | D:8      | Reached XP level 10. HP: 44/63 MP: 10/10
  5561 | D:8      | Noticed a cyclops
  5572 | D:8      | Killed a cyclops
  5650 | D:8      | Noticed a green ugly thing
  5666 | D:8      | Identified the +7 broad axe "Vunnarch" {elec, Str+3 Dex+3}
  5666 | D:8      | Noticed a centaur warrior
  5668 | D:8      | Noticed a manticore
  5685 | D:8      | Killed a green ugly thing
  5686 | D:8      | Reached skill level 11 in Axes
  5688 | D:8      | Killed a manticore
  5708 | D:8      | Noticed a two-headed ogre
  5711 | D:8      | Identified the +0 robe of Luculeti {Harm rC+ Will+ Str-4}
  5927 | D:8      | Noticed a boulder beetle
  5945 | D:8      | Killed a boulder beetle
  6011 | D:8      | Found the +3 giant club "Skullcrusher" {speed, Str+7}
  6022 | D:8      | Found an ancient bone altar of Kikubaaqudgha.
  6028 | D:8      | Slain by a centaur warrior

Illustrated notes

Levels and vault maps discovered:
D:1:      amcnicky_arrival_feature_with_door, layout_loops_cross, st_stairs_13,
          kennysheep_minor_cross
D:2:      layout_basic, chequers_ecumenical_altar_lobes, grunt_ministairs_13,
          uniq_terence, uniq_sigmund
D:3:      layout_basic, lemuel_doored_altar
D:4:      cheibrodos_pilgrimage, layout_basic
D:5:      nicolae_cairo_tiling_large_dashed, layout_basic,
          kennysheep_little_box, nicolae_qazlal_beasts_of_the_sky,
          nzn_hepliaklqana_mist_gate, grunt_decor_junction, minmay_fountain_box
D:6:      lemuel_ice_spiral_2, layout_rooms, serial_shops,
          nicolae_shop_tiny_glass, shop, nicolae_shop_waterfront, shop
D:7:      layout_loops_cross, minmay_temple_entry_offerings
D:8:      minmay_the_grid_square_5x5_3x3 [minmay_the_grid_square_5x5_shrine1,
          minmay_the_grid_square_5x5_meh, minmay_the_grid_square_5x5_comb,
          minmay_the_grid_square_5x5_inner_v,
          minmay_the_grid_square_5x5_megaprize_open,
          minmay_the_grid_square_5x5_three_walls,
          minmay_the_grid_square_5x5_inverted_slash,
          minmay_the_grid_square_5x5_spiral, minmay_the_grid_square_5x5_z],
          layout_cave_pools

Skill      XL: |  1  2  3  4  5  6  7  8  9 10 |
---------------+-------------------------------+-----
Axes           | 3 4 5 6 8 10 11 | 11.6
Dodging        | 2 |  2.9
Fighting       | 4 5 7 8 |  8.0
Armour         | 3 4 5 6 7 |  7.8
Stealth        | |  0.4

Action                     |  1- 3 |  4- 6 |  7- 9 | 10-12 || total
---------------------------+-------+-------+-------+-------++-------
  Melee: Hand axe          |    74 |    23 |       |       ||    97
         Broad axe         |       |    63 |   221 |    78 ||   362
         War axe           |       |    16 |       |       ||    16
  Throw: Dart              |       |       |       |     1 ||     1
 Invoke: Berserk           |     2 |     2 |     5 |     2 ||    11
         Trog's Hand       |       |     1 |     1 |     3 ||     5
         Brothers in Arms  |       |       |       |     1 ||     1
    Use: Scroll            |       |     9 |     6 |     1 ||    16
 Armour: Animal skin       |    49 |       |       |       ||    49
         Chain mail        |     1 |    64 |       |       ||    65
         Plate armour      |       |    44 |   329 |    93 ||   466
  Dodge: Dodged            |    54 |    41 |   124 |    34 ||   253

Table legend: (Time is in decaauts)
 A = Elapsed time spent in this place.
 B = Non-inter-level travel time spent in this place.
 C = Inter-level travel time spent in this place.
 D = Time resting spent in this place.
 E = Time spent auto-exploring this place.
 F = Levels seen in this place.
 G = Mean time per level.
                   A        B        C        D        E       F      G
               +--------+--------+--------+--------+--------+-----+--------+
         Total |   6212 |   6137 |     75 |    451 |   4173 |   8 |  776.5 |
       Dungeon |   6212 |   6137 |     75 |    451 |   4173 |   8 |  776.5 |
               +--------+--------+--------+--------+--------+-----+--------+

Top non-repeatable levels by time:
     D:5: 1023 daAuts
     D:7: 885 daAuts
     D:2: 812 daAuts
     D:4: 789 daAuts
     D:3: 760 daAuts
     D:1: 746 daAuts
     D:6: 630 daAuts
     D:8: 562 daAuts
